 Dungeon Crawl Stone Soup version 0.32-a0-931-g5a2cda0630 (webtiles) character file.

Game seed: 1254558217554594157

549 Shym the Digger (level 7, -2/56 HPs)
             Began as a Formicid Earth Elementalist on Apr 13, 2024.
             Was an Initiate of Cheibriados.
             Slain by a gnoll
             ... wielding a +0 halberd
             ... led by a gnoll sergeant
              (12 damage)
             ... on level 4 of the Dungeon.
             The game lasted 00:18:24 (5682 turns).

Shym the Digger (Formicid Earth Elementalist)       Turns: 5682, Time: 00:18:24

Health: -2/56      AC:  5    Str: 14    XL:     7   Next: 54%
Magic:  4/10       EV: 10    Int: 17    God:    Cheibriados [......]
Gold:   203        SH:  4    Dex: 15    Spells: 3/10 levels left

rFire   . . .        d - +0 short sword
rCold   . . .        p - +0 buckler
rNeg    . . .        a - +0 robe
rPois   .            (helmet unavailable)
rElec   .            (no cloak)
rCorr   .            w - +2 pair of gloves
SInv    +            (no boots)
Will    .....        (no amulet)
Stlth   +++          (no ring)
HPRegen 0.29/turn    (no ring)
MPRegen 0.12/turn

%: no passive effects
@: very slow
A: permanent stasis, dig shafts and tunnels, antennae 3, four strong arms
a: Dig, Shaft Self, Renounce Religion


You were on level 4 of the Dungeon.
You worshipped Cheibriados.
Cheibriados was noncommittal.
You visited 1 branch of the dungeon, and saw 4 of its levels.
You also visited: Sewer.

You collected 203 gold pieces.

Inventory:

Hand Weapons
 d - a +0 short sword (weapon)
 q - a +0 short sword
Missiles
 f - 2 poisoned darts
 h - 6 curare-tipped darts
 m - 4 boomerangs
 A - 4 javelins
Armour
 a - a +0 robe (worn)
 p - a +0 buckler (worn)
 w - a +2 pair of gloves (worn)
Jewellery
 v - a +6 ring of intelligence
Wands
 c - a wand of paralysis (12) (quivered)
Scrolls
 g - 2 scrolls of immolation
 i - a scroll of blinking
 k - a scroll of enchant armour
 l - a scroll of fear
 u - 2 scrolls of teleportation
 y - a scroll of poison
 z - a scroll of torment {unknown}
Potions
 b - a potion of magic
 e - a potion of berserk rage {unknown}
 j - a potion of brilliance {unknown}
 n - 2 potions of curing {unknown}
 o - a potion of lignification {unknown}
 r - a potion of heal wounds {unknown}
 s - a potion of haste {unknown}
 t - a potion of invisibility {unknown}
 x - a potion of attraction {unknown}


   Skills:
 - Level 5.0 Fighting
 - Level 1.7 Dodging
 - Level 4.0 Stealth
 - Level 2.1 Spellcasting
 - Level 3.0 Conjurations
 + Level 6.1 Earth Magic


You had 3 spell levels left.
You knew the following spells:

 Your Spells              Type           Power      Damage    Failure   Level
b - Sandblast             Erth           44%        2d11      1%          1
p - Passwall              Erth           22%        N/A       6%          3
t - Stone Arrow           Conj/Erth      34%        3d9       12%         3

Your spell library contained the following spells:

 Spells                   Type           Power      Damage    Failure   Level
 Slow                     Hex            4%         N/A       26%         1
 Confusing Touch          Hex            1%         N/A       61%         3
 Vampiric Draining        Necr           1%         2d6       61%         3
 Volatile Blastmotes      Fire/Tloc      2%         2d10      61%         3
 Brom's Barrelling Bould  Conj/Erth      17%        2d4       36%         4
 Animate Armour           Summ/Erth      24%        N/A       58%         4
 Petrify                  Alch/Erth      12%        N/A       58%         4
 Fulminant Prism          Conj/Alch      3%         3d5       80%         4
 Iskenderun's Mystic Bla Conj/Tloc 6%             2d4        (+2d1     80%         4
 Lehudib's Crystal Spear  Conj/Erth      8%         10d4      100%        8


Dungeon Overview and Level Annotations

Branches:
Dungeon (4/15)             Temple (0/1) D:4           Sewer (visited)

Altars:
Cheibriados
Dithmenos
Fedhas
Okawaru
Ru
Trog
Yredelemnul


Innate Abilities, Weirdness & Mutations

You cannot be hasted, slowed, berserked, paralysed or teleported.
You can dig through walls and to a lower floor.
You have a pair of large antennae on your head. (SInv)
Your four strong arms can wield two-handed weapons with a shield.


Message History

Aim: a gnoll, wielding a +0 whip (moderately wounded, 85% to hit)
The blast of sand misses the gnoll.
The gnoll barely misses you.
Unknown command.
You block the gnoll's attack. The gnoll attacks as it pursues you!
The gnoll hits you with a +0 whip.
Slow down, check inventory and god!
* * * LOW HITPOINT WARNING * * *
Casting: Sandblast (safe; 2% risk of failure)
Confirm with . or Enter, or press ? or * to list all spells.
Aiming: Sandblast (safe; 2% risk of failure)
Press: ? - help, Shift-Dir - straight line, f/p - gnoll
Aim: a gnoll, wielding a +0 whip (moderately wounded, 85% to hit)
The blast of sand hits the gnoll!
You kill the gnoll!
Cheibriados appreciates the change of pace.
The gnoll hits you from afar with a +0 halberd!
Slow down, check inventory and god!
* * * LOW HITPOINT WARNING * * *
The gnoll attacks as it pursues you!
The gnoll hits you from afar with a +0 halberd!
Slow down, check inventory and god!
* * * LOW HITPOINT WARNING * * *
Casting: Sandblast (safe; 1% risk of failure)
Confirm with . or Enter, or press ? or * to list all spells.
Aiming: Sandblast (safe; 1% risk of failure)
Press: ? - help, Shift-Dir - straight line, f - gnoll
Aim: a gnoll, wielding a +0 halberd (85% to hit)
The blast of sand hits the gnoll.
The gnoll is moderately wounded.
The gnoll hits you from afar with a +0 halberd.
Slow down, check inventory and god!
* * * LOW HITPOINT WARNING * * *
The gnoll closely misses you. You block the gnoll's attack.
The gnoll barely misses you. The gnoll attacks as it pursues you!
You block the gnoll's attack. The gnoll attacks as it pursues you!
The gnoll hits you from afar with a +0 halberd!
You die...
Cheibriados appreciates the motionlessness of death.

###...~§~.
#....#...# ###
#....#...## ..#
#....#....#### #.#
#....#......#. #.#
#....'......g) #.#
#....#######..
#.###....#######{{
#@#.#.#'#.#.#.#.#.
#..#.#.#.#)#.#.#.#
#g#.#.#.#{#.#.#.#.
#..#.#.#g#.#.#.#.#
#.#g#.#.#.#.#÷#.#.
#..#.#.#.#...#.#.#
#.#.#.#g#.....#.#.
#..#.#.#.#...#.#.#
#.#.#.#.#.#)#.#.#.


You could see 2 gnolls.

Vanquished Creatures
  Pargi (Sewer)
  An ogre (D:4)
  A phantom (D:4)
  A scorpion (D:3)
  A jelly (D:4)
  An iguana (D:4)
  A river rat (D:3)
  3 adders
  5 gnolls
  2 dart slugs
  3 ribbon worms
  An orc (D:3)
  5 endoplasms
  2 giant cockroaches (D:2)
  4 goblins
  10 hobgoblins
  12 jackals
  13 kobolds
  3 quokkas
  4 ball pythons
  10 bats
  7 frilled lizards
  7 rats
98 creatures vanquished.

Notes
Turn   | Place    | Note
-------+----------+-------------------------------------------
     0 | D:1      | Shym the Formicid Earth Elementalist began the quest for
                  | the Orb.
     0 | D:1      | Reached XP level 1. HP: 13/13 MP: 3/3
    38 | D:1      | Reached skill level 1 in Fighting
   112 | D:1      | Reached XP level 2. HP: 14/21 MP: 0/5
   389 | D:1      | Reached XP level 3. HP: 28/28 MP: 4/6
   582 | D:1      | Learned a level 3 spell: Passwall
  1504 | D:2      | Reached skill level 4 in Earth Magic
  1848 | D:2      | Reached XP level 4. HP: 35/35 MP: 4/7
  2038 | D:2      | Learned a level 3 spell: Stone Arrow
  2375 | D:3      | Found a glowing drain.
  2381 | D:3      | Reached skill level 5 in Earth Magic
  2401 | Sewer    | Entered a sewer
  2850 | Sewer    | Noticed Pargi
  2889 | Sewer    | Killed Pargi
  2890 | Sewer    | Reached XP level 5. HP: 25/42 MP: 5/8
  3014 | D:3      | Reached skill level 1 in Conjurations
  3293 | D:3      | Reached XP level 6. HP: 48/48 MP: 7/9
  4421 | D:4      | Found a snail-covered altar of Cheibriados.
  4422 | D:4      | Found an iron altar of Okawaru.
  4424 | D:4      | Became a worshipper of Cheibriados the Contemplative
  4632 | D:4      | Noticed an ogre
  4975 | D:4      | Found a bloodstained altar of Trog.
  4975 | D:4      | Found a sacrificial altar of Ru.
  4995 | D:4      | Found a shadowy altar of Dithmenos.
  5006 | D:4      | Found a blossoming altar of Fedhas.
  5019 | D:4      | Found a basalt altar of Yredelemnul.
  5051 | D:4      | Found a staircase to the Ecumenical Temple.
  5076 | D:3      | Reached skill level 5 in Fighting
  5076 | D:3      | Reached XP level 7. HP: 16/56 MP: 4/10
  5486 | D:4      | Reached skill level 6 in Earth Magic
  5682 | D:4      | Slain by a gnoll

Illustrated notes

Levels and vault maps discovered:
D:1:      elethiomel_arrival_quiet, layout_rooms, kennysheep_flooded_box,
          minmay_quantized
D:2:      layout_rooms, minmay_quadrilaterals
D:3:      layout_basic, portal_sewer_entry_c
D:4:      layout_basic, minmay_overflow_temple_star_hex,
          nicolae_overflow_squiral, minmay_temple_entry_mist, patterned_corridor

Skill      XL: |  1  2  3  4  5  6  7 |
---------------+----------------------+-----
Fighting       | 1 2 3 5 |  5.0
Earth Magic    | 4 5 6 |  6.1
Stealth        | 4 |  4.0
Conjurations   | 1 2 3 |  3.0
Dodging        | |  1.7
Spellcasting   | |  2.1

Action                     |  1- 3 |  4- 6 |  7- 9 || total
---------------------------+-------+-------+-------++-------
  Melee: Short sword       |    16 |    18 |     4 ||    38
   Cast: Sandblast         |    52 |    86 |    13 ||   151
         Passwall          |       |     2 |     1 ||     3
  Evoke: Wand              |       |     2 |       ||     2
    Use: Scroll            |       |     6 |       ||     6
   Stab: Sleeping          |     1 |     2 |     1 ||     4
         Paralysed         |       |     6 |       ||     6
 Armour: Robe              |    20 |    50 |    19 ||    89
  Dodge: Dodged            |    16 |    47 |     6 ||    69
  Block: Buckler           |       |     6 |     5 ||    11

Table legend: (Time is in decaauts)
 A = Elapsed time spent in this place.
 B = Non-inter-level travel time spent in this place.
 C = Inter-level travel time spent in this place.
 D = Time resting spent in this place.
 E = Time spent auto-exploring this place.
 F = Levels seen in this place.
 G = Mean time per level.
                   A        B        C        D        E       F      G
               +--------+--------+--------+--------+--------+-----+--------+
         Total |   5953 |   5864 |     89 |   2091 |   2346 |   5 | 1190.6 |
       Dungeon |   5329 |   5240 |     89 |   1646 |   2299 |   4 | 1332.2 |
         Sewer |    623 |    623 |      0 |    445 |     47 |   1 |  623.0 |
               +--------+--------+--------+--------+--------+-----+--------+

Top non-repeatable levels by time:
     D:3: 1889 daAuts
     D:4: 1344 daAuts
     D:1: 1303 daAuts
     D:2: 793 daAuts
   Sewer: 623 daAuts
